 Dungeon Crawl Stone Soup version 0.31-a0-188-g5e087ee2ca (webtiles) character file.

Game seed: 6791756987837431615

65 TrayleKats the Trooper (level 4, -2/42 HPs)
             Began as a Naga Fighter on June 23, 2023.
             Slain by Grinder (6 damage)
             ... on level 3 of the Dungeon.
             The game lasted 00:01:55 (2227 turns).

TrayleKats the Trooper (Naga Fighter)               Turns: 2227, Time: 00:01:55

Health: -2/42      AC:  4    Str: 19    XL:     4   Next: 13%
Magic:  4/4        EV:  7    Int: 10    God:
Gold:   131        SH:  4    Dex: 10    Spells: 3/3 levels left

rFire   . . .        a - +0 war axe
rCold   . . .        c - +0 buckler
rNeg    . . .        b - +0 scale mail
rPois   +            (no helmet)
rElec   .            (no cloak)
rCorr   .            (no gloves)
SInv    +            (no barding)
Will    .....        (no amulet) Stlth
                     (no ring)
HPRegen 0.27/turn    (no ring)
MPRegen 0.09/turn

%: no passive effects
@: mighty, short of breath, very slow
A: AC +1, large, see invisible, deformed body, poison resistance, slowness 2,
spit poison 1, naga tail 1
a: Spit Poison


You were on level 3 of the Dungeon.
You visited 1 branch of the dungeon, and saw 3 of its levels.

You collected 131 gold pieces.

Inventory:

Hand Weapons
 a - a +0 war axe (weapon)
Missiles
 j - 2 javelins
 m - 6 poisoned darts
Armour
 b - a +0 scale mail (worn)
 c - a +0 buckler (worn)
Scrolls
 g - a scroll of identify {unknown}
 i - a scroll of fog {unknown}
Potions
 e - a potion of resistance {unknown}
 f - a potion of curing {unknown}
 h - a potion of experience {unknown}
 k - a potion of haste {unknown}
 l - 2 potions of enlightenment {unknown}


   Skills:
 + Level 3.4 Fighting
 * Level 3.0 Axes
 - Level 2.4 Armour
 + Level 2.3 Stealth
 + Level 3.1 Shields


You had 3 spell levels left.
You didn't know any spells.
Your spell library contained the following spells:

 Spells                   Type           Power      Damage    Failure   Level
 Blink                    Tloc           0%         N/A       91%         2
 Lesser Beckoning         Tloc           0%         N/A       91%         2
 Momentum Strike          Conj/Tloc      0%         3d8       91%         2


Dungeon Overview and Level Annotations

Branches:
Dungeon (3/15)

Altars:

Annotations:
D:3 Grinder


Innate Abilities, Weirdness & Mutations

Your serpentine skin is tough. (AC +1)
You have supernaturally acute eyesight. (SInv)
Armour fits poorly on your strangely shaped body.
Your system is resistant to poisons. (rPois)
You cover ground very slowly.
You can spit poison.
You have a snake-like lower body.


Message History

The splash of poison hits Grinder.
Grinder is lightly wounded.
Grinder blinks!
You have got your breath back.
There is a stone staircase leading up here.
You start waiting.
Grinder is nearby!
The splash of poison misses Grinder.
Grinder says, "FISH!"
You feel very mighty all of a sudden. Grinder gestures at you.
You resist with significant effort. Grinder hits you!
You writhe in agony.
You slash Grinder!
Grinder is heavily wounded.
Grinder gestures at you.
You suddenly lose the ability to move!
Grinder hits you!
You writhe in agony.
Grinder hits you!
* * * LOW HITPOINT WARNING * * *
You writhe in agony.
* * * LOW HITPOINT WARNING * * *
You can move again.
You slash Grinder!
Grinder is severely wounded.
You have got your breath back.
Grinder hits you.
* * * LOW HITPOINT WARNING * * *
Grinder blinks!
You are too injured to fight recklessly!
There is a stone staircase leading up here.
Aiming: Spit Poison (1% risk of failure)
Press: ? - help, Q - select action, (/) - cycle Shift-Dir - straight line, f/p - Grinder
Aim: Grinder (severely wounded, 54% to hit)
The splash of poison misses Grinder.
Grinder closely misses you.
You barely miss Grinder.
Grinder is severely wounded.
Grinder hits you.
You die...

.# .#
###############.##
..........##.....###
##...#.##.##.......#
... ... #........# #
...#. ####...5.#
##..#.#####..@..# ##
#.......<..##.###
#.#######........ #.
#.####### #.# #.#
..# ###


You could see Grinder.

Vanquished Creatures
  2 adders (D:2)
  A dart slug (D:1)
  5 ball pythons
  4 endoplasms
  2 giant cockroaches (D:1)
  3 goblins (D:2)
  8 hobgoblins
  4 jackals (D:1)
  A quokka (D:2)
  2 bats
  A frilled lizard (D:2)
  4 kobolds
  2 rats (D:1)
39 creatures vanquished.

Notes
Turn   | Place    | Note
-------+----------+-------------------------------------------
     0 | D:1      | TrayleKats the Naga Fighter began the quest for the Orb.
     0 | D:1      | Reached XP level 1. HP: 21/21 MP: 1/1
   217 | D:1      | Reached skill level 1 in Stealth
   217 | D:1      | Reached XP level 2. HP: 16/28 MP: 2/2
  1053 | D:2      | Reached XP level 3. HP: 32/34 MP: 3/3
  1489 | D:2      | Reached XP level 4. HP: 35/42 MP: 4/4
  2206 | D:3      | Noticed Grinder
  2220 | D:3      | Paralysed by Grinder for 3 turns
  2223 | D:3      | HP: 2/42 [Grinder (3)]
  2227 | D:3      | Slain by Grinder

Illustrated notes

Levels and vault maps discovered:
D:1:      ncdulo_lavacross, layout_basic
D:2:      wander_river, layout_loops_ring, guppyfry_early_lair_pool
D:3:      layout_loops_ring, mainiacjoe_overflow_alcove_1,
          mainiacjoe_overflow_24_doors, minivault_19, minmay_crystal_room,
          uniq_crazy_yiuf_cottage, uniq_grinder

Skill      XL: |  1  2  3 |
---------------+----------+-----
Stealth        | 1 2 |  2.3
Shields        | 3 |  3.1
Axes           | 3 |  3.0
Fighting       | |  3.4
Armour         | |  2.4

Action                     |  1- 3 |  4- 6 || total
---------------------------+-------+-------++-------
  Melee: War axe           |    77 |    20 ||    97
Ability: Spit Poison       |    12 |     5 ||    17
    Use: Potion            |       |     1 ||     1
 Armour: Scale mail        |    51 |     7 ||    58
  Dodge: Dodged            |    33 |     4 ||    37
  Block: Buckler           |    22 |     3 ||    25

Table legend: (Time is in decaauts)
 A = Elapsed time spent in this place.
 B = Non-inter-level travel time spent in this place.
 C = Inter-level travel time spent in this place.
 D = Time resting spent in this place.
 E = Time spent auto-exploring this place.
 F = Levels seen in this place.
 G = Mean time per level.
                   A        B        C        D        E       F      G
               +--------+--------+--------+--------+--------+-----+--------+
         Total |   2923 |   2624 |    299 |    233 |   2083 |   3 |  974.3 |
       Dungeon |   2923 |   2624 |    299 |    233 |   2083 |   3 |  974.3 |
               +--------+--------+--------+--------+--------+-----+--------+

Top non-repeatable levels by time:
     D:2: 1546 daAuts
     D:1: 1333 daAuts
     D:3: 43 daAuts
